 Dungeon Crawl Stone Soup version 0.27.1-33-g824d729ab1 (webtiles) character file.

Game seed: 10438216991141209441

70 unlimited1921 the Firebug (level 4, -4/34 HPs)
             Began as a Hill Orc Fire Elementalist on Dec 10, 2021.
             Killed from afar by Ijyb (11 damage)
             ... with a bolt of acid
             ... on level 3 of the Dungeon.
             The game lasted 00:10:09 (3375 turns).

unlimited1921 the Firebug (HOFE)                    Turns: 3375, Time: 00:10:09

Health: -4/34      AC:  3    Str: 11    XL:     4   Next: 22%
Magic:  4/6        EV: 12    Int: 15    God:
Gold:   106        SH:  0    Dex: 11    Spells: 5/6 levels left

rFire    . . .     SeeInvis .   h - +1 mace (protect)
rCold    . . .     Faith    .   (no shield)
rNeg     . . .     Spirit   .   a - +0 robe
rPois    .         Reflect  .   (no helmet)
rElec    .         Harm     .   (no cloak)
rCorr    .         Rampage  .   (no gloves)
Will     .....                  j - +0 pair of boots
Stlth    ++........             (no amulet)
HPRegen  0.11/turn              (no ring)
MPRegen  0.10/turn              (no ring)

@: no status effects
A: no striking features
a: no special abilities


You were on level 3 of the Dungeon.
You visited 1 branch of the dungeon, and saw 3 of its levels.

You collected 106 gold pieces.

Inventory:

Hand Weapons
 b - a +1 vorpal quarterstaff
 h - a +1 mace of protection (weapon)
 k - a +0 mace of pain
Missiles
 g - 9 poisoned darts
 l - 16 bolts
Armour
 a - a +0 robe (worn)
 e - a +0 ring mail
 j - a +0 pair of boots (worn)
Scrolls
 d - 2 scrolls of fog {unknown}
 m - a scroll of brand weapon {unknown}
 n - a scroll of amnesia {unknown}
Potions
 c - a potion of heal wounds {unknown}
 f - a potion of curing {unknown}
 i - a potion of cancellation {unknown}


   Skills:
 * Level 0.7 Fighting
 + Level 0.2(0.4) Maces & Flails
 + Level 0.4(0.5) Staves
 + Level 1.6 Dodging
 + Level 1.7 Stealth
 + Level 1.9 Spellcasting
 + Level 1.7 Conjurations
 + Level 4.4 Fire Magic


You had 5 spell levels left.
You knew the following spells:

 Your Spells              Type           Power      Damage    Failure   Level
a - Foxfire               Conj/Fire      40%        2x1d6     6%          1

Your spell library contained the following spells:

 Spells                   Type           Power      Damage    Failure   Level
 Conjure Flame            Conj/Fire      10%        6-21      19%         3
 Freeze                   Ice            4%         1d3       22%         1
 Inner Flame              Hex/Fire       8%         N/A       26%         3
 Sticky Flame             Conj/Fire      10%        2d3       52%         4
 Frozen Ramparts          Ice            2%         1d2       56%         3
 Hailstorm                Conj/Ice       4%         3d4       83%         4
 Fireball                 Conj/Fire      5%         3d5       86%         5
 Petrify                  Tmut/Erth      1%         N/A       92%         4
 Metabolic Englaciation   Hex/Ice        0%         N/A       99%         5
 Statue Form              Tmut/Erth      0%         N/A       100%        6


Dungeon Overview and Level Annotations

Branches:
Dungeon (3/15)

Altars:

Annotations:
D:3 2 runed translucent doors, Ijyb; reversiblehash's ghost, amateur DsFi


Message History

You conjure some foxfire!
Casting: Foxfire (safe; 6% risk of failure)
Confirm with . or Enter, or press ? or * to list all spells.
You conjure some foxfire!
The foxfire hits the quokka.
The quokka is heavily wounded.
The foxfire hits the quokka.
You kill the quokka!
Your foxfire dissipates!
You start resting.
Your foxfire dissipates!
You start resting.
Magic restored.
You start waiting.
Done waiting.
Found a stone staircase leading up.
You see here a +0 robe.
Found a dagger.
Found 17 gold pieces.
You now have 106 gold pieces (gained 17).
Found a dagger.
You see here a +0 dagger.
Found a leather armour.
The adder hisses angrily.
Ijyb the Twisted Goblin comes into view.
She is wielding a +0 dagger, wearing a +3 leather armour of fire resistance and carrying a wand of acid (8).
Ijyb shouts!
Casting: Foxfire (safe; 6% risk of failure)
Confirm with . or Enter, or press ? or * to list all spells.
You conjure some foxfire!
Reversiblehash's ghost turns its malevolent gaze towards you.
Casting: Foxfire (safe; 6% risk of failure)
Confirm with . or Enter, or press ? or * to list all spells.
You conjure some foxfire!
The frilled lizard hisses angrily.
Ijyb zaps a wand.
The bolt of acid misses your foxfire. The bolt of acid hits you!
You are splashed with acid!
* * * LOW HITPOINT WARNING * * *
The foxfire hits Ijyb but does no damage.
Ijyb zaps a wand.
The bolt of acid hits you!
You die...

++###.# ....#.#
...#v## #.#§.#
#l#§.# # #h#..# #.
# #..###### ##.##
# #....@..# #...#
# #g#####.#
#...#### ..g.....#
#.# #...##..
......### #.#
#####...##.#
......
###.###...........
.....
#.................
.....
#.#####...........
.... # #.#
#####...##.# ....
#.##.# #.......


You could see Ijyb and a jackal.

Vanquished Creatures
  A hound (D:2)
  A worm (D:2)
  3 ball pythons (D:1)
  2 endoplasms
  2 giant cockroaches (D:1)
  5 goblins (D:1)
  4 hobgoblins (D:1)
  4 quokkas
  3 bats
  2 frilled lizards
  6 kobolds
33 creatures vanquished.

Vanquished Creatures (collateral kills)
  3 foxfires (D:1)
3 creatures vanquished.

Vanquished Creatures (others)
  107 foxfires
107 creatures vanquished.

Grand Total: 143 creatures vanquished

Notes
Turn   | Place    | Note
-------+----------+-------------------------------------------
     0 | D:1      | unlimited1921 the Hill Orc Fire Elementalist began the
                  | quest for the Orb.
     0 | D:1      | Reached XP level 1. HP: 14/14 MP: 3/3
   482 | D:1      | Reached XP level 2. HP: 16/20 MP: 0/4
   536 | D:1      | Reached skill level 4 in Fire Magic
  1131 | D:1      | Reached XP level 3. HP: 26/26 MP: 1/5
  1914 | D:2      | Reached XP level 4. HP: 32/34 MP: 0/6
  2760 | D:2      | You fall into a shaft and drop 1 floor!
  3366 | D:3      | Found a runed translucent gate.
  3366 | D:3      | Found a runed translucent gate.
  3367 | D:3      | Noticed reversiblehash's ghost (amateur DsFi)
  3368 | D:3      | Noticed Ijyb
  3375 | D:3      | Killed from afar by Ijyb

Illustrated notes

Levels and vault maps discovered:
D:1:      denvon_arrival_planthouse, layout_basic
D:2:      minmay_alternating_diamond, layout_loops_cross,
          shapermc_ecumenical_altar_mp_vishouse
D:3:      layout_loops_cross, serial_glass, glass_columns_b, glass_columns_c,
          gammafunk_ghost_split, minmay_lizard_king, uniq_ijyb, uniq_natasha

Skill      XL: |  1  2 |
---------------+-------+-----
Fire Magic     | 4 |  4.4
Fighting       | |  0.7
Maces & Flails | |  0.2
Staves         | |  0.4
Dodging        | |  1.6
Stealth        | |  1.7
Spellcasting   | |  1.9
Conjurations   | |  1.7

Action                   |  1- 3 |  4- 6 || total
-------------------------+-------+-------++-------
Melee: Quarterstaff      |     5 |       ||     5
       Mace              |    11 |       ||    11
 Cast: Foxfire           |    51 |    14 ||    65
Armor: Robe              |     8 |       ||     8
Dodge: Dodged            |    13 |     2 ||    15
